Map: [EWC] Oceanborn

Players

Reynor - Winner!

  • Race: Zerg Zerg
  • Spawn Location: 5:00

Clem

  • Race: Terran Terran
  • Spawn Location: 11:00

Event: Esports World Cup 2024

VOD

Have the link to the VOD?

Description

Time

  • Played on: Aug. 15, 2024, 9:25 a.m.
  • Length: 19:38

All games in this series

Show
View Real Time Build Order
Export as new Build Order

Reynor Zerg - Winner!

Build Orders: Hatch First, Lurkers 

Get SALT Encoding   

  12  0:00  Drone  
  13  0:12  Overlord  
  13  0:17  Drone  
  14  0:30  Drone x2  
  16  0:47  Hatchery  
  15  0:51  Drone  
  15  0:54  Drone  
  17  0:58  Drone  
  18  1:08  Extractor  
  17  1:13  Spawning Pool  
  17  1:16  Drone  
  17  1:19  Drone  
  18  1:27  Drone  
  19  1:39  Drone  
  20  1:49  Drone  
  21  1:59  Queen x2  
  21  2:00  Zergling x4  
  27  2:10  Zergling x2, Overlord  
  27  2:12  Metabolic Boost  
  28  2:29  Drone x2  
  30  2:34  Drone  
  30  2:36  Queen, Overlord  
  33  2:38  Queen  
  33  2:43  Drone  
  35  2:46  Drone  
  36  2:57  Hatchery  
  35  2:59  Drone  
  35  3:04  Drone x2  
  38  3:06  Drone  
  38  3:10  Drone x2  
  41  3:15  Overlord  
  41  3:17  Drone  
  41  3:18  Drone  
  43  3:26  Drone  
  44  3:32  Overlord  
  44  3:33  Queen  
  46  3:36  Drone  
  46  3:37  Queen  
  46  3:40  Drone  
  50  3:43  Drone  
  51  3:49  Drone  
  51  3:51  Overlord  
  51  3:52  Drone, Overlord  
  53  3:56  Zergling x6  
  53  4:01  Overlord  
  56  4:03  Drone  
  58  4:10  Drone, Queen  
  58  4:15  Drone x2  
  58  4:16  Queen  
  64  4:17  Queen  
  64  4:22  Drone  
  64  4:23  Drone  
  68  4:25  Drone  
  68  4:30  Overlord  
  69  4:32  Drone  
  69  4:35  Drone  
  71  4:42  Drone  
  71  4:43  Drone  
  71  4:45  Overlord  
  73  4:48  Drone x4  
  73  4:49  Hatchery  
  76  4:53  Lair  
  76  4:54  Drone x2  
  76  4:55  Drone  
  76  4:56  Drone  
  76  4:57  Drone  
  81  5:03  Drone, Baneling Nest  
  81  5:05  Extractor  
  80  5:07  Spore Crawler  
  80  5:08  Spore Crawler  
  80  5:09  Drone x2  
  80  5:11  Spore Crawler  
  80  5:13  Drone, Extractor  
  79  5:15  Spore Crawler  
  79  5:17  Drone  
  79  5:19  Zergling x4  
  79  5:20  Zergling x4  
  83  5:24  Overlord  
  82  5:33  Drone x3  
  83  5:36  Drone x2  
  83  5:37  Drone  
  83  5:41  Drone x2  
  83  5:42  Drone  
  89  5:44  Drone x2  
  89  5:48  Drone  
  92  5:51  Overseer  
  92  5:53  Drone x2  
  92  5:55  Drone, Extractor  
  94  5:58  Hatchery, Extractor  
  94  5:59  Queen  
  94  6:00  Zergling x6, Evolution Chamber x2  
  93  6:05  Drone x2  
  93  6:08  Drone  
  93  6:11  Drone  
  97  6:14  Extractor  
  97  6:17  Drone x3  
  99  6:22  Drone x2, Overlord  
  99  6:23  Drone x2  
  99  6:25  Drone x2  
  105  6:26  Drone, Zerg Ground Armor Level 1  
  105  6:27  Zerg Melee Weapons Level 1  
  105  6:28  Drone x3, Spore Crawler  
  105  6:29  Drone  
  107  6:33  Overlord  
  107  6:34  Drone  
  107  6:38  Drone  
  109  6:43  Drone  
  109  6:46  Overlord  
  110  6:47  Zergling x6  
  110  6:48  Centrifugal Hooks  
  110  6:51  Zergling x10  
  110  6:52  Drone  
  110  6:53  Zergling x4  
  120  6:55  Zergling x6  
  120  7:00  Zergling x4  
  120  7:01  Spore Crawler  
  124  7:02  Baneling x6  
  124  7:04  Drone  
  124  7:05  Drone  
  124  7:07  Infestation Pit  
  124  7:08  Drone  
  126  7:09  Drone, Spore Crawler  
  126  7:10  Hatchery  
  126  7:12  Zergling x2  
  126  7:13  Pneumatized Carapace  
  126  7:15  Overlord  
  126  7:18  Drone x4  
  126  7:20  Spore Crawler  
  129  7:23  Zergling x2  
  129  7:25  Overlord  
  129  7:26  Drone  
  129  7:28  Drone x2  
  129  7:29  Spore Crawler  
  132  7:30  Baneling x4, Zergling x4  
  132  7:31  Extractor x2  
  132  7:32  Zergling x6  
  132  7:33  Overseer  
  132  7:35  Zergling x4  
  137  7:39  Hydralisk Den  
  137  7:40  Drone  
  137  7:42  Zergling x4  
  137  7:43  Zergling x10  
  141  7:47  Hive  
  141  7:51  Zergling x6  
  144  7:52  Overlord  
  144  8:02  Zergling x22  
  144  8:05  Zergling x2  
  147  8:08  Zergling x6  
  147  8:10  Overseer  
  147  8:11  Drone x2  
  147  8:12  Drone  
  153  8:14  Overseer, Lurker Den x2  
  153  8:17  Overlord  
  153  8:18  Overlord  
  153  8:19  Overlord  
  149  8:23  Zerg Ground Armor Level 2  
  149  8:25  Zerg Missile Weapons Level 1  
  148  8:27  Muscular Augments  
  148  8:28  Overlord  
  148  8:30  Baneling  
  148  8:31  Baneling x6  
  148  8:32  Baneling x3  
  148  8:35  Zergling x16  
  148  8:38  Zergling x4  
  148  8:39  Zergling x4  
  158  8:44  Baneling x8  
  158  8:48  Zergling x10  
  163  8:50  Baneling x5  
  163  8:54  Overlord  
  155  9:08  Drone x4  
  155  9:09  Overlord  
  156  9:10  Hydralisk x8  
  156  9:16  Zergling x10  
  166  9:20  Seismic Spines, Adaptive Talons  
  166  9:22  Zergling x4  
  167  9:25  Baneling x6  
  167  9:32  Zergling x16  
  176  9:38  Drone  
  170  9:54  Zergling x34  
  184  10:01  Overlord  
  184  10:02  Lurker x8  
  192  10:16  Zergling x8, Nydus Network  
  192  10:17  Nydus Network  
  192  10:19  Overlord  
  194  10:23  Adrenal Glands  
  188  10:32  Hydralisk  
  188  10:33  Zergling x26  
  198  10:41  Hydralisk x2  
  198  10:42  Zergling x2  
  199  10:48  Zergling x6  
  199  10:49  Overseer  
  200  10:54  Baneling x8  
  200  10:57  Baneling, Overlord  
  200  10:58  Baneling x5, Overlord  
  187  11:04  Hydralisk  
  187  11:05  Zergling x18  
  184  11:12  Hydralisk x2  
  184  11:13  Zergling x14  
  195  11:25  Viper  
  195  11:27  Zerg Missile Weapons Level 2  
  195  11:28  Zerg Ground Armor Level 3  
  195  11:29  Overseer  
  196  11:34  Baneling x7  
  196  11:39  Zergling x6  
  199  11:40  Baneling x7  
  199  11:41  Hatchery  
  199  11:43  Nydus Canal  
  196  11:57  Zergling x18  
  196  12:00  Nydus Canal  
  184  12:02  Zergling x2, Hydralisk  
  184  12:03  Zergling x28  
  184  12:04  Zergling x8, Hydralisk  
  184  12:06  Hydralisk  
  185  12:09  Zergling x4, Hydralisk  
  185  12:10  Zergling x8  
  185  12:13  Zergling x6  
  192  12:16  Nydus Canal  
  192  12:28  Baneling x5  
  192  12:29  Baneling x2  
  190  12:42  Hatchery  
  190  12:43  Overseer  
  189  12:45  Zergling x20  
  198  12:57  Zergling x34  
  190  12:59  Nydus Canal  
  190  13:02  Nydus Canal  
  190  13:05  Overseer  
  190  13:06  Zergling x2  
  190  13:07  Zergling x18  
  200  13:16  Nydus Canal  
  199  13:21  Overseer  
  198  13:28  Hydralisk  
  198  13:32  Zergling x2  
  198  13:35  Zergling x2  
  199  13:42  Baneling x9, Overseer  
  199  13:46  Overlord, Burrow  
  199  13:47  Overlord  
  199  13:49  Nydus Canal  
  199  13:51  Zerg Melee Weapons Level 2  
  199  13:54  Overseer  
  199  14:03  Baneling x9  
  199  14:05  Baneling x8  
  199  14:08  Zergling x2  
  199  14:09  Overseer x2  
  200  14:10  Overseer x2  
  200  14:11  Nydus Canal  
  200  14:28  Zergling x12  
  200  14:29  Nydus Canal  
  200  14:34  Nydus Canal  
  193  14:39  Zergling x16  
  199  14:51  Nydus Canal  
  185  14:53  Zergling x4, Hydralisk x2  
  185  14:54  Hatchery, Zergling x28  
  185  14:55  Zergling x2  
  200  15:02  Nydus Canal  
  200  15:05  Zergling x2  
  200  15:06  Zergling x14  
  200  15:09  Hydralisk  
  200  15:10  Zergling x12  
  184  15:40  Overlord  
  161  15:45  Hydralisk  
  161  15:46  Zergling x38  
  161  15:47  Hydralisk  
  161  15:48  Zergling x10  
  161  15:49  Overlord x3  
  160  15:53  Nydus Canal  
  160  16:00  Zergling x14  
  160  16:01  Zergling x12  
  160  16:03  Baneling x9  
  170  16:04  Infestor x2  
  170  16:10  Nydus Canal  
  174  16:14  Nydus Canal  
  174  16:17  Zergling x16  
  182  16:19  Hydralisk x2  
  182  16:20  Zergling x4  
  182  16:21  Queen  
  189  16:25  Zergling x4  
  189  16:26  Zergling x4  
  189  16:28  Zergling x8  
  189  16:31  Zergling x14  
  195  16:40  Nydus Canal  
  195  16:43  Nydus Canal  
  195  16:46  Drone x8  
  196  16:49  Hydralisk  
  196  16:50  Zergling x14  
  196  16:52  Hydralisk  
  196  16:53  Zergling x6  
  199  17:00  Zergling x10  
  172  17:17  Zergling x30  
  170  17:23  Hydralisk x4  
  170  17:24  Zergling x6  
  170  17:27  Zergling x2  
  170  17:28  Hydralisk  
  184  17:36  Hydralisk x2  
  184  17:37  Zergling x8  
  190  17:41  Baneling x8, Hydralisk x4  
  200  17:46  Hatchery  
  200  17:47  Spore Crawler, Hatchery  
  200  17:49  Spore Crawler, Nydus Canal  
  196  17:55  Hydralisk  
  196  17:56  Hydralisk  
  199  18:01  Infestor  
  196  18:05  Hydralisk  
  196  18:06  Zergling x2, Hydralisk  
  196  18:08  Overseer x4  
  196  18:09  Overseer  
  199  18:15  Overlord  
  199  18:16  Overlord  
  195  18:27  Overlord  
  185  18:42  Zergling x34  
  185  18:46  Zergling x18, Hydralisk  
  185  18:47  Zergling x14  
  195  18:53  Zergling x2, Hydralisk x3  
  185  18:56  Infestor, Queen  
  185  18:59  Drone x4  
  188  19:05  Zergling x4  
  188  19:06  Zergling x6  
  191  19:10  Zergling x10  
  191  19:15  Zergling x8  
  199  19:20  Baneling x13  
  199  19:25  Spore Crawler  
Show
View Real Time Build Order
Export as new Build Order

Clem Terran 

Build Orders: Reaper Expand, Hellion Banshee 

Get SALT Encoding   

  12  0:00  SCV  
  13  0:12  SCV  
  14  0:16  Supply Depot  
  14  0:24  SCV  
  15  0:38  SCV  
  15  0:40  Barracks  
  16  0:43  Refinery  
  16  0:50  SCV  
  17  1:02  SCV  
  18  1:14  SCV  
  19  1:27  Orbital Command, Reaper  
  20  1:38  Command Center  
  20  1:46  Supply Depot  
  20  1:52  SCV  
  21  2:01  Reaper  
  21  2:04  SCV  
  23  2:16  SCV  
  23  2:20  Factory  
  24  2:28  SCV  
  25  2:38  Barracks Reactor  
  25  2:40  SCV, Command Center  
  26  2:52  SCV, Refinery  
  26  2:54  Orbital Command  
  25  3:05  SCV  
  26  3:15  Starport  
  26  3:17  SCV  
  27  3:20  Hellion x2  
  27  3:22  SCV  
  27  3:25  Barracks Tech Lab  
  32  3:29  SCV  
  32  3:34  SCV  
  33  3:41  SCV  
  34  3:44  Hellion x2  
  34  3:46  SCV  
  39  3:52  Orbital Command  
  39  3:54  SCV  
  40  3:56  Marine  
  40  3:58  SCV, Cloaking Field  
  40  4:01  Banshee  
  45  4:06  SCV  
  45  4:07  Hellion  
  45  4:09  Hellion  
  50  4:12  SCV  
  50  4:16  Supply Depot  
  51  4:17  Barracks Tech Lab  
  51  4:18  SCV x2  
  53  4:24  SCV  
  53  4:30  SCV  
  55  4:34  Barracks  
  55  4:35  SCV, Barracks  
  56  4:40  Supply Depot, Factory Reactor  
  56  4:41  Orbital Command, Marine  
  56  4:43  SCV  
  56  4:44  Banshee  
  61  4:47  SCV  
  61  4:49  Refinery  
  61  4:50  Stimpack  
  62  4:55  Refinery  
  62  4:59  SCV  
  63  5:01  Engineering Bay  
  63  5:02  SCV, Engineering Bay  
  63  5:04  Supply Depot  
  63  5:06  SCV  
  65  5:11  SCV  
  66  5:14  Marine, Barracks  
  66  5:15  SCV, Barracks  
  66  5:18  SCV  
  67  5:23  SCV  
  67  5:26  Marine x2  
  70  5:30  Terran Infantry Weapons Level 1, Terran Infantry Armor Level 1  
  70  5:31  Marine  
  70  5:32  Factory Reactor  
  70  5:33  SCV, Marine  
  70  5:35  Marine  
  69  5:36  SCV  
  69  5:40  Supply Depot, SCV  
  66  5:44  Marine  
  66  5:45  SCV  
  66  5:47  Supply Depot  
  66  5:48  SCV, Marine  
  70  5:52  SCV  
  70  5:54  Marine x2  
  73  5:58  SCV  
  73  5:59  Marine  
  73  6:00  SCV  
  73  6:03  Supply Depot  
  73  6:04  SCV, Factory, Barracks Reactor  
  76  6:05  Barracks Reactor  
  76  6:06  Marine x2  
  76  6:10  SCV  
  80  6:12  SCV  
  80  6:15  Medivac x2  
  80  6:16  Marine x2, Factory Reactor  
  80  6:17  SCV  
  80  6:18  Marine  
  89  6:22  SCV  
  89  6:23  Supply Depot  
  89  6:24  SCV  
  91  6:26  Marine x2  
  91  6:29  SCV  
  94  6:34  SCV, Marine, Refinery  
  94  6:35  Marine  
  94  6:36  SCV, Marine  
  94  6:38  Supply Depot  
  99  6:41  SCV, Marine x2  
  99  6:42  Marine  
  99  6:43  Marine  
  104  6:48  Supply Depot, Medivac  
  104  6:49  Widow Mine, Medivac  
  104  6:53  Marine x3  
  113  6:54  Widow Mine, Armory  
  113  6:58  Widow Mine  
  113  7:00  Marine x2  
  113  7:01  Supply Depot  
  119  7:02  Marine x3  
  119  7:03  Combat Shield  
  122  7:11  Command Center  
  122  7:15  Marine, Widow Mine  
  125  7:19  Marine x2  
  125  7:20  Marine x2  
  125  7:22  Widow Mine x2  
  130  7:24  Supply Depot, Marine  
  130  7:25  Marine  
  130  7:28  Marine x2  
  134  7:33  Marine  
  134  7:34  Medivac x2  
  134  7:36  Supply Depot, Widow Mine  
  141  7:46  Marine x2, Widow Mine  
  141  7:47  Barracks x2  
  141  7:48  Barracks, Widow Mine  
  147  7:55  Terran Infantry Weapons Level 2  
  147  7:56  Supply Depot  
  147  7:58  Widow Mine  
  149  8:00  Terran Infantry Armor Level 2  
  146  8:09  Marine, Widow Mine  
  146  8:10  Medivac x2  
  148  8:13  Terran Vehicle And Ship Armor Level 1  
  148  8:15  Marine x2  
  148  8:16  Marine x2  
  148  8:17  Supply Depot  
  152  8:20  Marine x2  
  152  8:21  Marine  
  152  8:24  Marine  
  152  8:26  SCV  
  156  8:27  SCV x2  
  156  8:32  Sensor Tower  
  156  8:33  Marine x2, Widow Mine  
  162  8:38  SCV, Sensor Tower  
  165  8:41  Widow Mine x2  
  165  8:44  Marine  
  166  8:49  Barracks Tech Lab x3  
  166  8:51  SCV  
  166  8:52  Drilling Claws  
  166  8:54  Widow Mine  
  167  8:59  Medivac  
  167  9:00  Marine  
  169  9:02  Widow Mine  
  169  9:03  Marine x2, Widow Mine  
  169  9:04  Liberator  
  169  9:07  Marine  
  169  9:08  Marine  
  176  9:10  Marauder  
  176  9:11  Marine x2  
  176  9:14  Marauder x2  
  176  9:15  Marine  
  176  9:16  Marauder, Widow Mine  
  171  9:18  Marine  
  171  9:20  Marine  
  171  9:21  Marine  
  171  9:23  SCV  
  171  9:24  SCV x2  
  174  9:25  Planetary Fortress  
  174  9:27  Marine, Widow Mine  
  174  9:30  Marine  
  179  9:32  Widow Mine, Viking  
  179  9:36  Marauder  
  179  9:37  SCV  
  186  9:42  Refinery  
  186  9:45  Command Center  
  186  9:47  Widow Mine  
  186  9:48  Marine  
  186  9:50  Marauder  
  186  9:51  Marine  
  186  9:52  Marauder  
  180  9:53  Marine x2, Widow Mine, Medivac  
  180  9:58  Supply Depot, Concussive Shells  
  180  9:59  Marauder x2  
  186  10:04  Marine  
  186  10:09  Widow Mine  
  186  10:11  Terran Vehicle And Ship Armor Level 2  
  186  10:15  SCV x2, Command Center  
  186  10:17  Refinery x2  
  186  10:20  SCV, Marine  
  186  10:21  Widow Mine  
  186  10:29  Marine, Marauder x2  
  186  10:30  Supply Depot  
  186  10:41  Ghost Academy, Marauder x2  
  189  10:45  Terran Infantry Weapons Level 3  
  189  10:47  Widow Mine  
  187  10:50  Widow Mine  
  187  10:51  Missile Turret, Marauder  
  187  10:52  Command Center  
  187  10:53  Marauder  
  187  11:06  Widow Mine  
  187  11:09  Ghost x2  
  185  11:11  Ghost  
  185  11:13  Ghost  
  185  11:15  Marine x2  
  185  11:16  Marine x2  
  185  11:18  Marine, Widow Mine  
  179  11:20  Marine  
  179  11:24  Widow Mine  
  183  11:28  Widow Mine  
  183  11:32  SCV  
  174  11:34  SCV, Viking  
  174  11:38  Ghost x2  
  181  11:40  Ghost  
  181  11:42  Orbital Command  
  181  11:43  Ghost  
  182  11:47  Command Center  
  182  11:48  Marine, Widow Mine  
  184  11:55  Marine x2  
  184  11:56  Marine x5, Widow Mine  
  184  11:59  Widow Mine  
  168  12:05  SCV  
  168  12:06  Marine, Ghost  
  168  12:07  Marine  
  152  12:08  Ghost  
  152  12:10  Widow Mine  
  156  12:19  SCV  
  156  12:20  SCV x2  
  156  12:22  Ghost  
  159  12:25  Ghost  
  159  12:26  Planetary Fortress  
  159  12:28  SCV  
  162  12:31  SCV, Widow Mine  
  162  12:35  SCV x2  
  162  12:36  SCV  
  168  12:41  SCV  
  168  12:43  SCV  
  170  12:44  Widow Mine  
  170  12:47  SCV  
  170  12:49  Liberator  
  170  12:50  Ghost  
  178  12:55  Widow Mine  
  178  12:56  SCV  
  178  12:57  SCV  
  173  12:58  SCV  
  173  12:59  SCV x2  
  173  13:00  Ghost  
  173  13:03  Marine x2  
  180  13:07  SCV  
  180  13:09  Marine x2, Marauder  
  185  13:14  Medivac  
  185  13:15  Marine, Widow Mine  
  185  13:16  Marine x3  
  185  13:17  Marine  
  185  13:19  Marine  
  195  13:21  Marine x2  
  195  13:27  Widow Mine  
  189  13:30  Marauder  
  189  13:32  Medivac  
  188  13:34  SCV x2  
  188  13:36  SCV  
  188  13:37  Ghost, Sensor Tower  
  188  13:38  Missile Turret  
  188  13:39  Widow Mine  
  194  13:42  Starport  
  194  13:43  Widow Mine  
  194  13:44  Marine, Medivac  
  200  13:50  Terran Vehicle And Ship Armor Level 3, Missile Turret  
  200  13:52  Orbital Command  
  200  13:54  Orbital Command  
  199  14:01  Fusion Core  
  199  14:02  Refinery  
  199  14:03  Refinery  
  199  14:11  Missile Turret  
  199  14:13  Missile Turret  
  199  14:21  Command Center  
  199  14:26  Ghost  
  199  14:27  Personal Cloaking  
  199  14:29  Ghost  
  197  14:34  Medivac  
  197  14:39  Medivac  
  197  14:43  Ghost  
  199  14:51  Widow Mine  
  168  14:54  Ghost  
  168  14:55  Ghost  
  168  14:56  Widow Mine x2  
  168  14:57  Marine x3, Ghost  
  168  14:59  Orbital Command, Marine x2  
  166  15:00  SCV  
  166  15:04  Liberator  
  168  15:07  Starport Reactor  
  168  15:09  Liberator  
  168  15:12  Marine x3, Ghost, Widow Mine  
  176  15:15  Marine x2  
  176  15:17  Widow Mine  
  180  15:21  SCV  
  180  15:22  SCV  
  180  15:23  Ghost  
  180  15:24  Ghost  
  180  15:25  SCV, Widow Mine  
  180  15:27  SCV  
  190  15:32  Marine  
  190  15:34  Widow Mine  
  193  15:39  Widow Mine  
  180  15:46  SCV  
  180  15:47  Medivac  
  180  15:48  SCV x3  
  180  15:49  SCV  
  172  15:50  SCV  
  172  15:52  Medivac  
  172  15:56  SCV, Widow Mine  
  176  16:00  SCV, Liberator  
  176  16:03  Refinery, Command Center  
  180  16:07  SCV x2  
  182  16:12  Liberator  
  182  16:13  SCV  
  182  16:14  Planetary Fortress  
  182  16:16  Marine  
  182  16:17  Liberator  
  190  16:22  Liberator  
  190  16:25  SCV  
  181  16:35  Ghost  
  181  16:37  SCV  
  181  16:39  Missile Turret  
  184  16:43  Liberator, Marine x4, Widow Mine  
  184  16:44  Marauder  
  184  16:45  Marine, Marauder  
  184  16:46  Widow Mine  
  185  16:54  Marine, Marauder, Widow Mine  
  185  16:57  Marine x2  
  185  17:00  Marine  
  185  17:01  Marine x2  
  192  17:02  Orbital Command  
  192  17:04  Widow Mine  
  192  17:05  Orbital Command  
  192  17:07  Marine x3, Marauder  
  199  17:13  Marine, Ghost, Widow Mine  
  191  17:18  Liberator  
  191  17:19  Liberator  
  191  17:22  SCV  
  190  17:23  SCV, Marine x2  
  190  17:27  Marine  
  194  17:30  SCV  
  194  17:36  Widow Mine  
  197  17:40  Fusion Core  
  197  17:49  Command Center  
  197  17:51  Sensor Tower  
  197  18:03  Ghost  
  193  18:27  Ghost  
  193  18:28  Marine x2, Ghost  
  189  18:42  Ghost  
  189  18:43  Ghost  
  189  18:44  Marine  
  189  18:46  Marine x2  
  141  18:55  Ghost  
  141  18:57  Marine x4, Widow Mine  
  141  18:59  Marine x2  
  141  19:01  Widow Mine  
  145  19:02  Marine  
  145  19:04  Marine, Widow Mine  
  148  19:12  Marine x2  
  152  19:19  Marine  
Tags
 
Add a new tag
Caveats
  • Supply blocks, unpowered buildings, or Contaminate may cause inaccurate times.
  • Supply counts are checked every 10 seconds.